AoeStats
← 小白

Socotra

506629879Analyzed
4v4 RM · 18d ago on Sep 14, 2026· 36m 42s· 8 players
Game mode
Random Map
Map size
148×148
Population
200
Speed
Normal
Resources
Standard
Victory
Conquest
Starting age
Dark Age
Ending age
Imperial Age
RankedLock teamsTeams togetherTeam positionsShared explorationLock speedFull tech treeHidden civsTurbo modeCheats
Victory
Defeat
🇦🇷 Chinese · Argentina
2045
+6
🇨🇳 Jurchens · China
1932
+9
🇦🇷 Magyars · Argentina
1923
+10
1893
+11
🇹🇼 Britons · Taiwan
1929
-13
🇹🇼 Persians · Taiwan
1842
-11
🇹🇼 Jurchens · Taiwan
1743
-8
🇹🇼 Khmer · Taiwan
1611
-4
Thành Cổ Quảng Trị
5:11 Loom
9:19 Feudal Age
9:52 Double-Bit Axe
11:43 Horse Collar
17:18 Wheelbarrow
21:05 Castle Age
19:32 Fletching
19:42 Padded Archer Armor
21:46 Bodkin Arrow
21:30 Elite Skirmisher
23:05 Leather Archer Armor
24:28 Bow Saw
30:12 Ballistics
29:48 Stone Mining
29:49 Gold Mining
36:58 Imperial Age
35:22 Heavy Plow
35:54 Sanctity
_TieuQuy
0:29 Loom
8:43 Feudal Age
9:35 Double-Bit Axe
14:45 Fletching
20:39 Castle Age
19:06 Gold Mining
18:57 Horse Collar
20:42 Crossbowman
21:40 Bodkin Arrow
21:56 Bow Saw
24:24 Ballistics
26:56 Padded Archer Armor
35:11 Imperial Age
33:59 Thumb Ring
34:41 Leather Archer Armor
35:54 Bracer
37:03 Chemistry
37:39 Wheelbarrow
37:31 Conscription
Fish
6:20 Loom
6:47 Loom
9:33 Feudal Age
10:01 Double-Bit Axe
12:20 Fletching
38:58 Castle Age
3046964519
6:20 Loom
8:48 Feudal Age
9:56 Double-Bit Axe
15:49 Horse Collar
18:32 Forging
19:35 Scale Barding Armor
22:05 Wheelbarrow
22:09 Bloodlines
25:50 Castle Age
23:57 Gold Mining
24:16 Stone Mining
26:45 Bow Saw
27:12 Gold Shaft Mining
28:12 Husbandry
30:54 Scale Mail Armor
30:57 Squires
31:45 Gambesons
32:19 Chain Mail Armor
34:25 Chain Barding Armor
小蜜蜂
1:34 Loom
13:04 Feudal Age
15:53 Double-Bit Axe
20:20 Castle Age
20:12 Horse Collar
21:18 Bow Saw
25:44 Siege Engineers
26:53 Ballistics
28:57 Padded Archer Armor
33:09 Wheelbarrow
32:32 Gold Mining
36:32 Hand Cart
散步小鵝
6:40 Loom
9:03 Feudal Age
9:33 Double-Bit Axe
16:10 Bloodlines
25:19 Castle Age
23:22 Horse Collar
23:33 Gold Mining
24:07 Scale Barding Armor
26:22 Husbandry
26:39 Husbandry
27:16 Chain Barding Armor
小白
1:53 Loom
老天鵝
0:58 Loom
9:21 Feudal Age
10:02 Double-Bit Axe
15:35 Fletching
23:51 Castle Age
23:18 Gold Mining
23:12 Horse Collar
24:28 Bodkin Arrow
23:58 Crossbowman
26:52 Bow Saw
27:01 Padded Archer Armor
29:06 Ballistics
Connection lost

Rejoining the realm…

Still unreachable

The connection could not be restored.

Session expired

The server has moved on; the page needs a fresh start.